 Dungeon Crawl Stone Soup version 0.25.1-2-g60ff931df9 (webtiles) character file.

Game seed: 2323500301868414511

35 hawla the Covered (level 3, -2/33 HPs)
             Began as a Minotaur Fighter on Oct 24, 2020.
             Slain by a leopard gecko (5 damage)
             ... on level 2 of the Dungeon.
             The game lasted 00:02:19 (1297 turns).

hawla the Covered (Minotaur Fighter)                Turns: 1297, Time: 00:02:19

Health: -2/33      AC:  0    Str: 21    XL:     3   Next: 17%
Magic:  2/2        EV: 12    Int:  5    God:
Gold:   49         SH:  0    Dex:  9    Spells: 2/2 levels left

rFire    . . .     SeeInvis .   a - +0 long sword
rCold    . . .     Gourm    .   (no shield)
rNeg     . . .     Faith    .   (no armour)
rPois    .         Spirit   .   (helmet restricted)
rElec    .         Reflect  .   (no cloak)
rCorr    .         Harm     .   (no gloves)
MR       .....                  (no boots)
Stlth    +.........             (no amulet)
HPRegen  0.11/turn              (no ring)
MPRegen  0.08/turn              (no ring)

@: no status effects
A: retaliatory headbutt, horns 2
a: no special abilities


You were on level 2 of the Dungeon.
You were not hungry.

You visited 1 branch of the dungeon, and saw 2 of its levels.

You collected 49 gold pieces.

Inventory:

Hand Weapons
 a - a +0 long sword (weapon)
Armour
 b - a +0 scale mail
 e - a +0 ring mail
 i - a +0 leather armour
 m - a +0 plate armour
 o - a +0 chain mail
Scrolls
 c - a scroll of teleportation
 h - a scroll of remove curse {unknown}
 k - 5 scrolls of identify {unknown}
 l - a scroll of fear {unknown}
 n - a scroll of noise {unknown}
Potions
 d - a potion of might
 j - a potion of berserk rage {unknown}
Comestibles
 f - 2 rations
 g - 4 chunks of flesh


   Skills:
 + Level 3.9 Fighting
 + Level 2.8 Long Blades
 + Level 4.2 Armour
 * Level 1.5 Dodging
 + Level 0.1 Stealth
   Level 3.6 Shields


You had 2 spell levels left.
You didn't know any spells.
Your spell library was empty.

Dungeon Overview and Level Annotations

Branches:
Dungeon (2/15)

Altars:


Innate Abilities, Weirdness & Mutations

You reflexively headbutt those who attack you in melee.
You have a pair of horns on your head.


Message History

The frilled lizard hisses.
Found an escape hatch in the ceiling.
The leopard gecko bites you.
The leopard gecko hisses menacingly.
The leopard gecko bites you.
A rat comes into view.
There is an escape hatch in the ceiling here.
You are too injured to fight recklessly!
You are too injured to fight recklessly!
You hit the leopard gecko but do no damage.
The leopard gecko bites you.
You hit the leopard gecko.
The leopard gecko is lightly wounded.
The leopard gecko misses you. The leopard gecko bites you.
* * * LOW HITPOINT WARNING * * *
You can't go down here!
The quokka bites you.
* * * LOW HITPOINT WARNING * * *
The leopard gecko bites you.
You die...

..# ####### #.# .......
#.# ######## #.#
.......# #.# ######.#
#.######.#
.....#.#######..l.....#
.###......w....lr# ..
#...#########@#
...#...###### #.#
..##......... r..
...#....##### ##.##
........#### #.#
......)....# #.#
...[....#..# #.#
..##....#..# #.# ..
..........


You could see a worm, a leopard gecko, a quokka, a frilled lizard and a rat
(asleep).

Vanquished Creatures
  An ooze (D:1)
  A dart slug (D:1)
  2 bats (D:1)
  3 giant cockroaches (D:1)
  3 goblins (D:1)
  6 hobgoblins (D:1)
  3 frilled lizards (D:1)
  2 kobolds (D:1)
  6 rats (D:1)
27 creatures vanquished.

Notes
Turn   | Place    | Note
-------+----------+-------------------------------------------
     0 | D:1      | hawla the Minotaur Fighter began the quest for the Orb.
     0 | D:1      | Reached XP level 1. HP: 19/19 MP: 0/0
   210 | D:1      | Reached XP level 2. HP: 17/27 MP: 1/1
   339 | D:1      | Reached skill level 1 in Dodging
   381 | D:1      | Reached skill level 4 in Armour
   922 | D:1      | Reached XP level 3. HP: 22/33 MP: 2/2
  1297 | D:2      | Slain by a leopard gecko

Illustrated notes

Levels and vault maps discovered:
D:1:      dpeg_arrival_three_same_balls, layout_basic
D:2:      minmay_door_path, layout_loops_ring,
          gammafunk_temple_overflow_elements, hex_large, minmay_tromino_v4_b

Skill      XL: |  1  2 |
---------------+-------+-----
Dodging        | 1 |  1.5
Armour         | 4 |  4.2
Fighting       | |  3.9
Long Blades    | |  2.8
Stealth        | |  0.1
Shields        | |  3.6

Action                   || total
-------------------------++-------
Melee: Long sword        ||    43
       Headbutt          ||     5
  Use: Scroll            ||     2
  Eat: Chunk             ||     1
Dodge: Dodged            ||    25
       Rpst.: Long sword ||     9
